 Dungeon Crawl Stone Soup version 0.21-a0-140-g479285b (webtiles) character file.

142385 dafubar the Executioner (level 16, -18/151 HPs)
             Began as a Minotaur Berserker on July 19, 2017.
             Was the Champion of Trog.
             Killed from afar by a deep elf mage (29 damage)
             ... with a bolt of magma
             ... on level 2 of the Elven Halls on July 20, 2017.
             The game lasted 03:36:24 (31466 turns).

dafubar the Executioner (Minotaur Berserker)       Turns: 31466, Time: 03:36:25

Health: -18/151    AC: 26    Str: 27    XL:     16   Next: 80%
Magic:  15/15      EV: 15    Int:  4    God:    Trog [******]
Gold:   1237       SH:  0    Dex: 12    Spells: 15/15 levels left

rFire    . . .     SeeInvis .   q - +6 battleaxe (vamp)
rCold    . . .     Gourm    +   (shield currently unavailable)
rNeg     + . .     Faith    .   f - +4 plate armour "Toixo" {Slay+2}
rPois    .         Spirit   .   (helmet restricted)
rElec    .         Reflect  .   (no cloak)
rCorr    .         Harm     .   A - +0 pair of gloves
MR       ++...                  U - +2 pair of boots
Stlth    ..........             d - amulet of the gourmand
HPRegen  0.35/turn              c - ring of protection from magic
MPRegen  0.14/turn              O - ring "Vigh" {+Fly rN+}

@: berserk cooldown, slowed, very slow
A: retaliatory headbutt, horns 2
a: Berserk, Trog's Hand, Brothers in Arms, Burn Spellbooks, Renounce Religion,
Evoke Flight


You were on level 2 of the Elven Halls.
You worshipped Trog.
Trog was exalted by your worship.
You were very full.

You visited 4 branches of the dungeon, and saw 25 of its levels.
You visited 1 bazaar.
You also visited: Labyrinth.

You collected 2433 gold pieces.
You spent 1196 gold pieces at shops.

Inventory:

Hand Weapons
 a - the +8 battleaxe "Foah" {chop, +Inv rPois Dex-3}
   (Trog gifted it to you on level 12 of the Dungeon)

   It inflicts extra damage upon your enemies.
   It affects your dexterity (-3).
   It protects you from poison.
   It lets you turn invisible.
 i - a +4 arbalest of velocity
 l - a +4 antimagic battleaxe
 q - a +6 vampiric battleaxe (weapon)
 r - a +2 quarterstaff of chaos
 C - a +2 antimagic executioner's axe
 E - the +12 battleaxe "Yczeod" {flame, rC+ Int+2}
   (Trog gifted it to you on level 14 of the Dungeon)

   It has been specially enchanted to burn those struck by it, causing extra
   injury to most foes and up to half again as much damage against particularly
   susceptible opponents.
   Big, fiery blades are also staple armaments of hydra-hunters.
   It affects your intelligence (+2).
   It protects you from cold.
Missiles
 x - 273 arrows
Armour
 f - the +4 plate armour "Toixo" (worn) {Slay+2}
   (You took it off a minotaur in a labyrinth)

   It affects your accuracy and damage with ranged weapons and melee attacks
   (+2).
 A - a +0 pair of gloves (worn)
 U - a +2 pair of boots (worn)
Jewellery
 c - a ring of protection from magic (left hand)
 d - an amulet of the gourmand (around neck)
 e - an uncursed ring of protection from cold
 y - an uncursed ring of positive energy
 L - an uncursed ring of protection from magic
 O - the ring "Vigh" (right hand) {+Fly rN+}
   (You found it on level 6 of the Lair of Beasts)

   [ring of flight]

   It protects you from negative energy.
   It lets you fly.
 W - an uncursed ring of poison resistance
Scrolls
 g - 4 scrolls of enchant weapon
 o - a scroll of vulnerability
 p - 5 scrolls of immolation
 u - a scroll of summoning {unknown}
 w - 5 scrolls of blinking
 B - 10 scrolls of teleportation
 D - a scroll of fog
 F - 6 scrolls of enchant armour
 G - 2 scrolls of fear
 P - 3 scrolls of remove curse
 S - 3 scrolls of magic mapping
 X - 2 scrolls of brand weapon
Potions
 j - 2 potions of haste
 k - 8 potions of curing
 m - 7 potions of brilliance
 s - 2 potions of might
 v - 6 potions of heal wounds
 z - 2 potions of resistance
 J - 8 potions of mutation
 K - 6 potions of ambrosia
 M - 3 potions of cancellation
 N - 3 potions of lignification
 R - 6 potions of flight
 T - 5 potions of agility
 Y - 2 potions of invisibility {unknown}
Books
 H - a book of Spatial Translocations

   Spells                             Type                      Level
   a - Blink                          Translocation                2
   b - Shroud of Golubria             Charms/Translocation         2
   c - Lesser Beckoning               Translocation                3
   d - Gell's Gravitas                Translocation                3
   e - Teleport Other                 Translocation                3
   f - Passage of Golubria            Translocation                4
   Trog disapproves of the use of such an item.
 V - a book of Geomancy

   Spells                             Type                      Level
   a - Sandblast                      Earth                        1
   b - Passwall                       Transmutation/Earth          2
   c - Stone Arrow                    Conjuration/Earth            3
   d - Petrify                        Transmutation/Earth          4
   e - Lee's Rapid Deconstruction     Earth                        5
   Trog disapproves of the use of such an item.
 Z - a book of Flames

   Spells                             Type                      Level
   a - Flame Tongue                   Conjuration/Fire             1
   b - Throw Flame                    Conjuration/Fire             2
   c - Conjure Flame                  Conjuration/Fire             3
   d - Inner Flame                    Hexes/Fire                   3
   e - Sticky Flame                   Conjuration/Fire             4
   f - Fireball                       Conjuration/Fire             5
   Trog disapproves of the use of such an item.
Miscellaneous
 b - a lamp of fire
 I - a box of beasts
Comestibles
 h - 2 chunks of flesh
 n - 2 royal jellies
 t - 4 meat rations
 Q - 37 fruits


   Skills:
 + Level 16.1 Fighting
 * Level 21.2 Axes
 + Level 16.2 Armour
 + Level 15.0 Dodging


You had 15 spell levels left.
You didn't know any spells.

Dungeon Overview and Level Annotations

Branches:
Dungeon (15/15)            Temple (0/1) D:5            Lair (6/6) D:10
 Shoals (0/4) Lair:3        Snake (0/4) Lair:2        Slime (0/5) Lair:6
    Orc (2/2) D:12            Elf (2/3) Orc:2        Vaults (0/5) D:14
 Depths (0/5) D:15

Altars:
Ashenzari
Dithmenos
Gozag
Hepliaklqana
Kikubaaqudgha
Makhleb
Qazlal
Sif Muna
Vehumet
Wu Jian
Xom
Zin
Beogh
Jiyva

Shops:
D:5 %![[!   D:8 [   D:9 [   D:14 (   Orc:1 *   Orc:2 !}![


Innate Abilities, Weirdness & Mutations

You reflexively headbutt those who attack you in melee.
You have a pair of horns on your head.


Message History

* * * LOW HITPOINT WARNING * * *
You hear a twanging sound.
An arrow appears from out of thin air!
The arrow hits you.
* * * LOW HITPOINT WARNING * * *
The deep elf knight hits you with an enchanted shortbow.
* * * LOW HITPOINT WARNING * * *
The mace of venom barely misses you.
There are monsters nearby!
You feel better.
The deep elf knight points at you and mumbles some strange words.
The stone arrow misses you.
The stone arrow hits your two-headed ogre.
The deep elf knight gestures at you while chanting.
The stone arrow hits you!
* * * LOW HITPOINT WARNING * * *
The mace of venom closely misses you. You furiously retaliate!
You headbutt the mace of venom!
The deep elf mage points at you and mumbles some strange words.
The bolt of magma hits you!
You die...

.............#
..................##
.................##
...........##...##
#.......## ##...##
##.....## ##...#
###...ee..#####....#
##......e{..)##.....#
......(@.(((.(.....##
.......O..........##
...............(.##
##################


You could see 2 deep elf knights, a deep elf mage, a mace of venom and a
friendly two-headed ogre (berserk).

Vanquished Creatures
  Rupert (Orc:2)
  Gastronok (Lair:3)
  An orc warlord (Orc:2)
  A deep elf elementalist (Elf:2)
  Nessos (Lair:4)
  A deep elf demonologist (Elf:1)
  A minotaur (Lab)
  3 deep elf death magi (Elf:1)
  A death ooze (D:13)
  A yaktaur captain (D:15)
  The ghost of walar the Cleaver, a journeyman NaBe of Trog (Lair:2)
  The ghost of Mulkerokala the Convoker, a journeyman DESu of Sif Muna (Orc:2)
  3 ogre magi (Orc:2)
  3 catoblepae (Lair:6)
  The ghost of Fv001 the Basher, a journeyman GnCj of Vehumet (Lair:2)
  5 hydras
  5 death yaks (Lair:6)
  A tengu warrior (D:14)
  23 dancing weapons
  Erica (D:9)
  5 centaur warriors
  A two-headed ogre (D:9)
  An orc high priest (Orc:2)
  A queen ant (D:8)
  Sonja (Lair:4)
  3 deep elf knights
  An unseen horror (D:13)
  2 deep elf archers
  38 deep elf magi
  A wolf spider (D:15)
  9 ugly things
  8 orc sorcerers (Orc:2)
  6 cyclopes
  6 manticores
  A shining eye (D:13)
  5 elephants (Lair:6)
  8 black mambas
  An ice statue (D:8)
  15 spiny frogs
  4 gargoyles (Lab)
  2 kobold demonologists
  A rime drake (Lair:3)
  8 centaur skeletons
  2 ice devils (Lair:4)
  A torpor snail (Lair:4)
  A freezing wraith (D:14)
  10 komodo dragons
  A tengu conjurer (D:14)
  9 trolls
  A hornet (D:14)
  2 polar bears (Lair:5)
  15 dream sheep
  9 slime creatures
  A snapping turtle (Lair:3)
  11 hippogriffs
  9 blink frogs
  An air elemental (Elf:1)
  A centaur simulacrum (D:15)
  3 redbacks (Lab)
  4 shadows
  54 yaks
  3 wyverns
  3 vampires (D:13)
  2 wraiths (D:11)
  4 fire elementals
  2 basilisks
  10 humans (D:14)
  3 hungry ghosts
  6 water elementals
  A redback simulacrum (D:15)
  6 soldier ants
  4 vampire mosquitoes (D:12)
  3 wargs
  An acid dragon (D:11)
  10 porcupines
  12 water moccasins
  16 orc warriors
  3 black bears
  7 ice beasts
  A phantom (D:9)
  An eye of draining (D:11)
  2 sky beasts
  5 boggarts (D:14)
  31 wolves
  17 ogres
  15 centaurs
  16 crocodiles
  15 bullfrogs
  3 big kobolds
  2 wyvern zombies (D:8)
  An earth elemental (Elf:2)
  2 scorpions
  6 killer bees
  14 wights
  2 troll skeletons (Lab)
  A spriggan skeleton (Lab)
  4 howler monkeys
  4 electric eels
  8 centaur zombies
  5 crimson imps
  5 bullfrog zombies
  A gnoll shaman (D:4)
  2 quasits
  Crazy Yiuf (D:2)
  8 jellies
  11 orc priests
  7 hounds
  A bullfrog skeleton (D:10)
  39 orc wizards
  2 iguanas
  33 worker ants
  2 hell rats (Lair:5)
  An ogre skeleton (Lab)
  A hound zombie (D:8)
  4 hound skeletons
  A worker ant zombie (D:8)
  Robin (D:4)
  10 gnolls
  12 adders
  8 river rats (Lair:5)
  3 shadow imps
  18 oozes
  An adder zombie (D:8)
  4 worms
  3 dart slugs
  6 leopard geckos
  67 orcs
  7 bats
  7 giant cockroaches
  9 hobgoblins
  4 jackals (D:5)
  7 quokkas
  2 ball pythons
  4 frilled lizards
  17 goblins
  16 kobolds
  A leopard gecko skeleton (D:6)
  A quokka skeleton (D:4)
  5 rats
  5 bushes
  2 crawling corpses (Elf:1)
  3 fungi
  15 plants
927 creatures vanquished.

Vanquished Creatures (collateral kills)
  A centaur warrior (D:14)
  A death knight (D:14)
  2 two-headed ogres
  Urug (D:14)
  A slime creature (D:14)
  Nergalle (D:11)
  2 oklob plants (Lair:2)
  A deep elf mage (D:12)
  A cyclops (D:11)
  Maurice (D:9)
  A vampire (D:10)
  A wraith (D:12)
  6 humans (D:14)
  A warg (Orc:2)
  A black bear (D:12)
  3 orc warriors (Orc:2)
  A necrophage (D:14)
  A scorpion (D:12)
  4 killer bees (D:12)
  3 howler monkeys (D:12)
  An orc (Orc:2)
35 creatures vanquished.

Vanquished Creatures (others)
  Josephine (D:11)
  A two-headed ogre (D:11)
  A cyclops (D:11)
  A tengu conjurer (D:10)
  5 yaks (D:11)
  3 wraiths (D:11)
  A wyvern (D:11)
  A black bear (D:11)
  2 bullfrogs (D:11)
  A bullfrog skeleton (D:11)
  A hound (D:11)
  A worker ant (D:11)
  A leopard gecko (D:11)
  An orc (D:11)
  3 bushes
  5 fungi
  3 plants
32 creatures vanquished.

Grand Total: 994 creatures vanquished

Notes
Turn   | Place    | Note
-------+----------+-------------------------------------------
     0 | D:1      | dafubar the Minotaur Berserker began the quest for the Orb.
     0 | D:1      | Reached XP level 1. HP: 19/19 MP: 0/0
   258 | D:1      | Reached XP level 2. HP: 27/27 MP: 1/1
   346 | D:1      | Reached skill level 4 in Axes
   812 | D:2      | Reached ** piety under Trog
   850 | D:2      | Reached XP level 3. HP: 33/33 MP: 2/2
   975 | D:2      | Found a runed door.
  1144 | D:2      | Found an ornate altar of the Wu Jian Council.
  1230 | D:2      | Noticed Crazy Yiuf
  1238 | D:2      | Killed Crazy Yiuf
  1238 | D:2      | Reached XP level 4. HP: 35/40 MP: 3/3
  1295 | D:3      | Noticed a bullfrog
  1299 | D:3      | Killed a bullfrog
  1299 | D:3      | Reached skill level 5 in Axes
  1299 | D:3      | Reached XP level 5. HP: 47/47 MP: 4/4
  1345 | D:3      | Found a stormy altar of Qazlal.
  2038 | D:4      | Reached XP level 6. HP: 55/55 MP: 5/5
  2044 | D:4      | Reached *** piety under Trog
  2078 | D:4      | Reached skill level 5 in Fighting
  2095 | D:4      | Reached skill level 6 in Axes
  2363 | D:4      | Noticed Robin
  2389 | D:4      | Killed Robin
  2896 | D:4      | Reached XP level 7. HP: 61/61 MP: 6/6
  3445 | D:5      | Entered Level 5 of the Dungeon
  3478 | D:5      | Found Bul Fuchu's Food Boutique.
  3580 | D:5      | Reached skill level 5 in Armour
  3629 | D:5      | Found Kuzeeqem's Antique Armour Boutique.
  3710 | D:5      | Found a staircase to the Ecumenical Temple.
  3725 | D:5      | Noticed a yak
  3726 | D:5      | Noticed a yak
  3726 | D:5      | Noticed a yak
  3730 | D:5      | Noticed a yak
  3732 | D:5      | Noticed a yak
  3736 | D:5      | Killed a yak
  3736 | D:5      | Reached skill level 7 in Axes
  3742 | D:5      | Killed a yak
  3742 | D:5      | Reached skill level 5 in Dodging
  3745 | D:5      | Killed a yak
  3745 | D:5      | Reached XP level 8. HP: 70/70 MP: 7/7
  3751 | D:5      | Reached skill level 8 in Axes
  3766 | D:5      | Found Unej's Armour Shop.
  3851 | D:5      | Reached **** piety under Trog
  3992 | D:5      | Found Waimafamm's Distillery.
  4004 | D:5      | Bought a potion of curing for 45 gold pieces
  4004 | D:5      | Bought a potion of heal wounds for 75 gold pieces
  4052 | D:5      | Reached skill level 9 in Axes
  4123 | D:5      | Found an opulent altar of Gozag.
  4123 | D:5      | Found a glowing silver altar of Zin.
  4197 | D:5      | Found Lit Ong's Distillery.
  4372 | D:6      | Found a shattered altar of Ashenzari.
  5034 | D:6      | Reached XP level 9. HP: 79/79 MP: 8/8
  5758 | D:7      | Reached skill level 10 in Axes
  6434 | D:8      | Noticed a queen ant
  6448 | D:8      | Killed a queen ant
  6448 | D:8      | Reached skill level 11 in Axes
  6448 | D:8      | Reached XP level 10. HP: 90/90 MP: 9/9
  6451 | D:8      | Reached ***** piety under Trog
  6740 | D:8      | Noticed an ice statue
  6896 | D:8      | Killed an ice statue
  7002 | D:8      | Found a hazy altar of Hepliaklqana.
  7002 | D:8      | Found a deep blue altar of Sif Muna.
  7008 | D:8      | Found a shadowy altar of Dithmenos.
  7074 | D:8      | Found Fipommufuf's Antique Armour Shoppe.
  7425 | D:9      | Found a burning altar of Makhleb.
  7543 | D:9      | Found Oneesakh's Antique Armour Shop.
  7548 | D:9      | Noticed Erica
  7559 | D:9      | Killed Erica
  7559 | D:9      | Reached skill level 12 in Axes
  7683 | D:9      | Noticed a two-headed ogre
  7692 | D:9      | Killed a two-headed ogre
  7732 | D:9      | Noticed Maurice
  7741 | D:9      | Killed Maurice
  7917 | D:9      | Found a deep blue altar of Sif Muna.
  8046 | D:9      | Got a crystal rapier
  8524 | D:9      | Reached skill level 10 in Fighting
  8603 | D:10     | Entered Level 10 of the Dungeon
  8932 | D:10     | Reached XP level 11. HP: 99/99 MP: 10/10
  9342 | D:10     | Reached skill level 13 in Axes
  9511 | D:10     | Found a staircase to the Lair.
  9558 | D:10     | Reached skill level 10 in Armour
 10729 | D:11     | Killed a two-headed ogre
 10834 | D:11     | Killed Josephine
 11024 | D:11     | Received a gift from Trog
 11439 | D:11     | Found a shimmering altar of Xom.
 11625 | D:5      | Bought a potion of heal wounds for 75 gold pieces
 11625 | D:5      | Bought a potion of heal wounds for 75 gold pieces
 11858 | D:11     | Noticed Nergalle
 11863 | D:11     | Killed Nergalle
 11991 | D:12     | Reached skill level 14 in Axes
 12008 | D:12     | Received a gift from Trog
 12010 | D:12     | Got a faintly glowing battleaxe {god gift}
 12011 | D:12     | Noticed a deep elf mage
 12026 | D:12     | Killed a deep elf mage
 12048 | D:12     | Noticed a two-headed ogre
 12053 | D:12     | Killed a two-headed ogre
 12069 | D:12     | Noticed a deep elf mage
 12073 | D:12     | Killed a deep elf mage
 12166 | D:12     | Reached XP level 12. HP: 79/110 MP: 11/11
 12229 | D:12     | Found a flickering gateway to a bazaar.
 12234 | Bazaar   | Entered a bazaar
 12251 | Bazaar   | Found Daizujil's Weapon Shoppe.
 12252 | Bazaar   | Found Sieqi's Jewellery Shoppe.
 12293 | Bazaar   | Found Vosmoust's Weapon Emporium.
 12303 | Bazaar   | Found Guys's Gadget Emporium.
 12343 | Bazaar   | Bought an uncursed ring of poison resistance for 220 gold pieces
 12356 | Bazaar   | Identified the +8 battleaxe "Foah" {chop, +Inv rPois Dex-3} (Trog gifted it to you on level 12 of the Dungeon)
 12742 | D:12     | Reached skill level 10 in Dodging
 12884 | D:12     | Noticed a five-headed hydra
 12890 | D:12     | Killed a nine-headed hydra
 13102 | D:12     | Found a staircase to the Orcish Mines.
 13506 | D:11     | Reached skill level 15 in Axes
 14108 | D:13     | Noticed a centaur warrior
 14116 | D:13     | Killed a centaur warrior
 14464 | D:13     | Noticed a centaur warrior
 14468 | D:13     | Killed a centaur warrior
 14498 | D:13     | Found a transporter.
 14505 | D:13     | Found a viscous altar of Jiyva.
 15045 | D:13     | Noticed a death ooze
 15045 | D:13     | Found a transporter.
 15047 | D:13     | Reached XP level 13. HP: 119/119 MP: 12/12
 15049 | D:13     | Reached skill level 16 in Axes
 15050 | D:13     | Killed a death ooze
 15149 | D:13     | Identified the Reference Book on Evil Rituals and Clay
 15355 | Lair:1   | Entered Level 1 of the Lair of Beasts
 15372 | Lair:1   | Received a gift from Trog
 15523 | Lair:1   | Found a labyrinth entrance.
 15532 | Lab      | Entered a labyrinth
 16213 | Lab      | Found an exit through the horrors of the Abyss.
 16463 | Lab      | Noticed a minotaur
 16465 | Lab      | Killed a minotaur
 16471 | Lab      | Got a steaming plate armour
 16621 | Lair:1   | Identified the +4 plate armour "Toixo" {Slay+2} (You took it off a minotaur in a labyrinth)
 17940 | Lair:2   | Found a staircase to the Snake Pit.
 18191 | Lair:2   | Reached skill level 17 in Axes
 18294 | Lair:2   | Received a gift from Trog
 18366 | Lair:2   | Noticed walar's ghost (journeyman NaBe)
 18378 | Lair:2   | Killed walar's ghost
 18557 | Lair:2   | Noticed Fv001's ghost (journeyman GnCj)
 18566 | Lair:2   | Killed Fv001's ghost
 19911 | Lair:3   | Found a staircase to the Shoals.
 20004 | Lair:3   | Noticed Gastronok
 20018 | Lair:3   | Killed Gastronok
 20018 | Lair:3   | Reached XP level 14. HP: 129/129 MP: 13/13
 20666 | Lair:4   | Received a gift from Trog
 20675 | Lair:4   | Noticed Nessos
 21528 | Lair:4   | Noticed Sonja
 21585 | Lair:4   | Killed Sonja
 21585 | Lair:4   | Reached skill level 18 in Axes
 21820 | Lair:4   | Killed Nessos
 22101 | Lair:4   | Identified the Disquisition on Weightlessness and Protection
 22826 | Lair:5   | Received a gift from Trog
 23534 | Lair:5   | Upgraded the game from 0.21-a0-137-g951aa02 to 0.21-a0-140-g479285b
 23724 | Orc:1    | Entered Level 1 of the Orcish Mines
 23730 | Orc:1    | Found Ejeg Via's General Store.
 23737 | Orc:1    | Bought a potion of might for 44 gold pieces
 23781 | Orc:2    | Entered Level 2 of the Orcish Mines
 23917 | Orc:2    | Noticed Rupert
 23928 | Orc:2    | Killed Rupert
 24539 | Orc:2    | Noticed Mulkerokala's ghost (journeyman DESu)
 24554 | Orc:2    | Killed Mulkerokala's ghost
 24645 | Orc:2    | Found a staircase to the Elven Halls.
 24872 | Orc:1    | Bought an uncursed amulet of the gourmand for 330 gold pieces
 24978 | Orc:2    | Found Serch's Distillery.
 24980 | Orc:2    | Received a gift from Trog
 25052 | Orc:2    | Bought a potion of resistance for 120 gold pieces
 25052 | Orc:2    | Bought a potion of flight for 36 gold pieces
 25052 | Orc:2    | Bought a potion of lignification for 36 gold pieces
 25052 | Orc:2    | Bought a potion of heal wounds for 60 gold pieces
 25052 | Orc:2    | Bought a potion of degeneration for 12 gold pieces
 25082 | Orc:2    | Found a radiant altar of Vehumet.
 25095 | Orc:2    | Found Otin Lyh's Gadget Emporium.
 25136 | Orc:2    | Found an ancient bone altar of Kikubaaqudgha.
 25139 | Orc:2    | Reached XP level 15. HP: 113/138 MP: 14/14
 25189 | Orc:2    | Reached skill level 19 in Axes
 25494 | Orc:2    | Found a roughly hewn altar of Beogh.
 25494 | Orc:2    | Found Yfewk's Distillery.
 25511 | Orc:2    | Found Bifamoh's Antique Armour Shoppe.
 25528 | Orc:2    | Bought a potion of agility for 68 gold pieces
 25701 | Elf:1    | Entered Level 1 of the Elven Halls
 26280 | D:14     | Found Sogarala's Antique Weapon Boutique.
 26599 | D:14     | Noticed Urug
 26613 | D:14     | Reached ****** piety under Trog
 26638 | D:14     | Killed Urug
 26644 | D:14     | Received a gift from Trog
 26685 | D:14     | Got a fine battleaxe {god gift}
 26686 | D:14     | Identified the +12 battleaxe "Yczeod" {flame, rC+ Int+2} (Trog gifted it to you on level 14 of the Dungeon)
 26719 | D:14     | Found a gate to the Vaults.
 26948 | D:14     | Found a glowing silver altar of Zin.
 27173 | D:15     | Entered Level 15 of the Dungeon
 27305 | D:15     | Reached skill level 15 in Armour
 27595 | D:15     | Found a staircase to the Depths.
 27947 | Lair:6   | Entered Level 6 of the Lair of Beasts
 27961 | Lair:6   | Received a gift from Trog
 28018 | Lair:6   | Found a staircase to the Slime Pits.
 28058 | Lair:6   | Reached skill level 15 in Fighting
 28206 | Lair:6   | Reached skill level 20 in Axes
 28527 | Lair:6   | Got a slimy wooden ring
 28529 | Lair:6   | Identified the ring "Vigh" {+Fly rN+} (You found it on level 6 of the Lair of Beasts)
 29072 | Orc:2    | Noticed an orc warlord
 29084 | Orc:2    | Killed an orc warlord
 29084 | Orc:2    | Reached XP level 16. HP: 138/149 MP: 15/15
 29242 | Elf:1    | Received a gift from Trog
 30036 | Elf:2    | Found a runed gate.
 30036 | Elf:2    | Found a runed gate.
 30060 | Elf:2    | Found a runed gate.
 30615 | Elf:2    | Reached skill level 21 in Axes
 31452 | Elf:2    | Reached skill level 15 in Dodging
 31466 | Elf:2    | Killed from afar by a deep elf mage

Vault maps used:
D:1:      dpeg_arrival_refuge
D:2:      lemuel_crystal_altar, uniq_crazy_yiuf_cottage
D:3:      old_standard_altar
D:4:      nicolae_zen_rock_garden, kennysheep_windowed_goal, uniq_robin
D:5:      grunt_temple_overflow_gold_and_silver, temple_green, serial_shops,
          shop, shop_coins, kennysheep_mini_moat, nicolae_shop_stone,
          nicolae_shop_waterfront, first_bread
D:6:      nicolae_ashenzari_panopticon
D:7:      minivault_22
D:8:      minmay_statue_hallways, gammafunk_temple_overflow_forgotten,
          serial_shops, shop, zaba_antful_of_joy
D:9:      kennysheep_orc_sif_temple, overflow_temple_1_default, serial_shops,
          shop, uniq_maurice, uniq_erica
D:10:     lair_entry_dummy, grunt_tengu_nest
D:11:     xom_confusion_cloud, uniq_josephine, uniq_nergalle
D:12:     orc_0_dummy, serial_shops, bzr_entry_dummy
D:13:     gammafunk_jiyva_shrine, nicolae_two_hexagons
D:14:     david_vaults_3, serial_shops, shop, zin_angel
D:15:     grunt_enter_depths_snipers, serial_park_square1
Lair:1:   beast_lair_carwin_large_2, lab_entry_generic
Lair:2:   lemuel_slime, dummy_snake_entry, nicolae_lair_grove_arrangements,
          st_stairs_8, beast_lair_carwin_7, minmay_lair_oklob_chamber,
          grunt_megastairs_1
Lair:3:   minmay_shoals_entry_hut, uniq_gastronok
Lair:4:   portal_ice_cave_demonic_guard, small_statue_intersection, uniq_nessos,
          uniq_sonja
Lair:5:   kennysheep_rathole, grunt_megastairs_3
Lair:6:   evilmike_catoblepas_cave, slime_dummy
Orc:1:    serial_shops, nicolae_shop_trees
Orc:2:    kennysheep_orc_mage_school, uniq_rupert
Elf:1:    eino_elf_arrival_sip, minmay_elf_crystal_heptagon
Lab:      labyrinth_watery, nicolae_lab_garden, nicolae_lab_checkerboard,
          nicolae_lab_x, nicolae_lab_arrow, lab_fountain, nicolae_lab_big_swirl,
          nicolae_lab_plus, labyrinth_skeletal_remains, labyrinth_fake_exit,
          nicolae_lab_statue
Bazaar:   grunt_bazaar_doublecross

Skill      XL: |  1  2  3  4  5  6  7  8  9 10 11 12 13 14 15 16 |
---------------+-------------------------------------------------+-----
Axes           | 4 5 6 7 9 11 12 14 15 17 18 20 21 | 21.2
Armour         | 3 4 5 7 8 9 11 12 13 14 15 16 | 16.2
Fighting       | 4 5 6 7 8 10 11 12 13 14 15 16 | 16.1
Dodging        | 3 4 5 6 7 8 9 10 12 13 14 15 | 15.0

Action                   |  1- 3 |  4- 6 |  7- 9 | 10-12 | 13-15 | 16-18 || total
-------------------------+-------+-------+-------+-------+-------+-------++-------
Melee: Hand axe          |    92 |   174 |   320 |   644 |    11 |       ||  1241
       Headbutt          |    10 |    32 |    73 |   190 |   222 |    52 ||   579
       Battleaxe         |       |       |       |   160 |   897 |   246 ||  1303
       Executioner's axe |       |       |       |       |    23 |       ||    23
 Fire: Longbow           |       |       |       |       |    35 |       ||    35
Throw: Javelin           |       |       |     8 |    14 |       |       ||    22
Invok: Trog's Hand       |     1 |     1 |       |     4 |     6 |       ||    12
       Berserk           |       |       |     2 |     6 |     9 |     3 ||    20
       Brothers in Arms  |       |       |       |     6 |     4 |     2 ||    12
       Burn Spellbooks   |       |       |       |     2 |     5 |       ||     7
Evoke: Wand              |       |       |       |       |     3 |       ||     3
  Use: Scroll            |       |     4 |       |    15 |    14 |     1 ||    34
       Potion            |       |       |       |     3 |       |     2 ||     5
  Eat: Chunk             |     1 |     3 |     8 |     8 |    72 |    15 ||   107
       Fruit             |       |     1 |     2 |     6 |     6 |       ||    15
       Bread ration      |       |     1 |       |     7 |     4 |       ||    12
       Meat ration       |       |     1 |       |     2 |     1 |       ||     4
       Royal jelly       |       |       |       |     3 |     6 |       ||     9
Armor: Chain mail        |    32 |       |       |       |       |       ||    32
       Plate armour      |    45 |   119 |   192 |   462 |   539 |   115 ||  1472
Dodge: Dodged            |    36 |    70 |   155 |   377 |   543 |    94 ||  1275
